 Dungeon Crawl Stone Soup version 0.21.1-1-g345015f (webtiles) character file.

27 Kairos the Charmwright (level 2, 0/22 HPs)
             Began as a Demonspawn Skald on Mar 26, 2018.
             Succumbed to an adder's poison
             ... on level 2 of the Dungeon.
             The game lasted 00:01:31 (972 turns).

Kairos the Charmwright (Demonspawn Skald)            Turns: 972, Time: 00:01:32

Health: 0/22       AC:  9    Str: 11    XL:     2   Next: 93%
Magic:  5/5        EV: 12    Int: 14    God:
Gold:   54         SH:  2    Dex: 12    Spells: 4/5 levels left

rFire    . . .     SeeInvis .   a - +0 mace
rCold    . . .     Gourm    .   (no shield)
rNeg     . . .     Faith    .   b - +0 leather armour
rPois    .         Spirit   .   (no helmet)
rElec    .         Reflect  +   (no cloak)
rCorr    .         Harm     .   (no gloves)
MR       .....                  (no boots)
Stlth    +.........             f - +2 amulet of reflection
HPRegen  0.07/turn              (no ring)
MPRegen  0.09/turn              (no ring)

@: lethally poisoned (0 -> -5), sanguine armour
A: sanguine armour 1
a: no special abilities


You were on level 2 of the Dungeon.
You were not hungry.

You visited 1 branch of the dungeon, and saw 2 of its levels.

You collected 54 gold pieces.

Inventory:

Hand Weapons
 a - a +0 mace (weapon)
Armour
 b - a +0 leather armour (worn)
Jewellery
 f - a +2 amulet of reflection (around neck)
Scrolls
 e - 3 scrolls of identify {unknown}
 i - a scroll of teleportation {unknown}
 j - a scroll of immolation {unknown}
Potions
 g - a potion of curing {unknown}
 h - 2 potions of haste {unknown}
Books
 c - a book of Battle

   Spells                             Type                      Level
   a - Infusion                       Charms                       1
   b - Shroud of Golubria             Charms/Translocation         2
   c - Song of Slaying                Charms                       2
   d - Spectral Weapon                Hexes/Charms                 3
   e - Regeneration                   Charms/Necromancy            3
Comestibles
 d - 4 rations


   Skills:
 + Level 2.1 Fighting
 + Level 2.1 Maces & Flails
 + Level 1.4 Armour
 + Level 1.8 Dodging
 + Level 2.1 Spellcasting
 + Level 3.0 Charms


You had 4 spell levels left.
You knew the following spells:

 Your Spells              Type           Power        Failure   Level  Hunger
a - Infusion              Chrm           ##..         9%          1    #......


Dungeon Overview and Level Annotations

Branches:
Dungeon (2/15)

Altars:


Innate Abilities, Weirdness & Mutations

When seriously injured, your bleeding wounds create armour. (AC +6)


Message History

* * * LOW HITPOINT WARNING * * *
The adder misses you.
You closely miss the adder.
* * * LOW HITPOINT WARNING * * *
You feel sick. The bat hits you but does no damage.
The adder closely misses you. x2
You miss the adder. The bat misses you. The adder barely misses you.
The adder closely misses you.
You closely miss the adder.
* * * LOW HITPOINT WARNING * * *
You feel sick. You block the bat's attack. The bat misses you.
The adder bites you but does no damage. x2
You hit the adder.
The adder is moderately wounded.
The bat hits you.
* * * LOW HITPOINT WARNING * * *
The adder closely misses you.
You closely miss the adder.
The adder is moderately wounded.
You die...

#..>.... ####...###
##....###
####..##..#
#....##...#
.########.......###
.<.......######## #
##.#b..## ...##
#@.### #...##S†..#
# #...).....# #
............#
.......#....# #.P
............# #.#.
#.....###...# ##
..#... ....# ......
######


You could see an adder and a bat.

Vanquished Creatures
  An ooze (D:2)
  A dart slug (D:1)
  2 bats (D:1)
  3 goblins
  3 hobgoblins (D:1)
  A quokka (D:2)
  2 frilled lizards (D:1)
  2 kobolds
  7 rats
22 creatures vanquished.

Notes
Turn   | Place    | Note
-------+----------+-------------------------------------------
     0 | D:1      | Kairos the Demonspawn Skald began the quest for the Orb.
     0 | D:1      | Reached XP level 1. HP: 16/16 MP: 3/3
    74 | D:1      | Reached skill level 1 in Armour
   329 | D:1      | Gained mutation: When seriously injured, your bleeding wounds create armour. (AC +6) [demonic ancestry]
   329 | D:1      | Reached XP level 2. HP: 14/22 MP: 5/5
   331 | D:1      | Reached skill level 3 in Charms
   971 | D:2      | HP: 1/22 [bat (1)]
   972 | D:2      | Succumbed to an adder's poison

Skill      XL: |  1  2 |
---------------+-------+-----
Armour         | 1 |  1.4
Charms         | 3 |  3.0
Maces & Flails | 2 |  2.1
Fighting       | |  2.1
Dodging        | |  1.8
Spellcasting   | |  2.1

Action                   || total
-------------------------++-------
Melee: Mace              ||    72
Armor: Leather armour    ||    16
Dodge: Dodged            ||    47
Block: Other             ||     4
